 Dungeon Crawl Stone Soup version 0.30-a0-43-gbbf338a72c (webtiles) character file.

Game seed: 18118019072778249166

2380 dario85 the Grappler (level 9, -1/138 HPs)
             Began as a Troll Berserker on Aug 31, 2022.
             Was a Believer of Trog.
             Slain by an orc warrior
             ... wielding a +0 glaive
              (6 damage)
             ... on level 7 of the Dungeon.
             The game lasted 00:20:19 (3280 turns).

dario85 the Grappler (Troll Berserker)              Turns: 3280, Time: 00:20:20

Health: -1/138     AC: 24    Str: 34 (35) XL:     9   Next: 22%
Magic:  8/8        EV:  1    Int:  2      God:    Trog [**....]
Gold:   211        SH:  0    Dex:  7 (8)  Spells: 8/8 levels left

rFire   . . .      SeeInvis .      - Unarmed
rCold   . . .      Faith    .    (no shield)
rNeg    . . .      Spirit   .    (body armour currently unavailable)
rPois   +          Reflect  .    (helmet currently unavailable)
rElec   .          Harm     .    (cloak currently unavailable)
rCorr   .          Rampage  .    (gloves unavailable)
Will    .....      NoTele   +    (boots unavailable)
Stlth   +.........               (no amulet)
HPRegen 1.13/turn                l - ring of flight
MPRegen 0.11/turn                (no ring)

@: tree-form
A: stationary, stasis, torment immunity, boosted hp, large, unfitting armour,
(claws 3), regeneration 1, (shaggy fur 1), (tough skin 1), (iridescent scales
1), deterioration 1, (poison resistance), strong 1
a: Renounce Religion, Berserk, Trog's Hand


You were on level 7 of the Dungeon.
You worshipped Trog.
Trog was pleased with you.
You were a tree.
You visited 1 branch of the dungeon, and saw 6 of its levels.

You collected 231 gold pieces.
You spent 20 gold pieces at shops.

Inventory:

Missiles
 n - 5 atropa-tipped darts (quivered)
Armour
 a - a +0 animal skin (melded)
Jewellery
 l - a ring of flight (left branch)
Wands
 g - a wand of roots (10)
Scrolls
 b - a scroll of enchant weapon
 c - a scroll of magic mapping
 e - 2 scrolls of teleportation
 f - a scroll of fog
 h - a scroll of vulnerability
 m - a scroll of blinking
 o - a scroll of enchant armour {unknown}
Potions
 d - a potion of magic
 i - a potion of berserk rage {unknown}
 j - a potion of invisibility {unknown}
 k - a potion of brilliance {unknown}
 q - a potion of flight {unknown}
 r - a potion of haste {unknown}


   Skills:
 + Level 6.4 Fighting
 - Level 2.6 Dodging
 * Level 10.5 Unarmed Combat


You had 8 spell levels left.
You didn't know any spells.
Your spell library was empty.

Dungeon Overview and Level Annotations

Branches:
Dungeon (7/15)             Temple (0/1) D:6

Altars:
Nemelex Xobeh
Ru
Uskayaw

Shops:
D:1 =   D:4 ?


Innate Abilities, Weirdness & Mutations

You are a tree.
Your roots penetrate the ground, keeping you stationary.
You cannot be teleported.
You are immune to unholy pain and torment.
Your maximum health is greatly increased.
Your equipment is partially melded.
You are too large for most types of armour.
((You have claws for hands.))
Your natural rate of healing is unusually fast.
((You are covered in fur. (AC +1)))
((You have tough skin. (AC +1)))
((You are partially covered in iridescent scales. (AC +2)))
Your body sometimes deteriorates upon taking damage.
((Your system is resistant to poisons. (rPois)))
Your muscles are strong. (Str +4, Int/Dex -1)


Message History

Something hits you.
* * * LOW HITPOINT WARNING * * *
You cannot move.
You cannot move.
You cannot move.
You cannot move.
Something hits you but does no damage.
The orc warrior hits you but does no damage.
The orc warrior hits you from afar with a +0 glaive!
* * * LOW HITPOINT WARNING * * *
Something hits you but does no damage. Something hits you but does no damage.
The orc warrior hits you from afar with a +0 glaive.
* * * LOW HITPOINT WARNING * * *
The orc warrior hits you but does no damage.
Something hits you but does no damage.
Your skin stops crawling.
You feel less strong-willed. Something hits you but does no damage.
The orc warrior hits you from afar with a +0 glaive.
* * * LOW HITPOINT WARNING * * *
You cannot move.
The orc warrior completely misses you. Something hits you.
* * * LOW HITPOINT WARNING * * *
You cannot move.
An orc wizard appears from thin air!
Reactivating autopickup.
The orc wizard points at you and mumbles some strange words.
The magic dart hits you but does no damage.
The orc warrior hits you but does no damage.
You hit the orc wizard.
The orc wizard is moderately wounded.
The orc warrior hits you from afar with a +0 glaive!
* * * LOW HITPOINT WARNING * * *
The orc wizard hits you but does no damage.
You pummel the orc wizard!!
You kill the orc wizard!
Trog accepts your kill.
Trog appreciates your killing of a magic user.
The orc warrior hits you from afar with a +0 glaive.
You die...

.#.....##.##...#
#.........##....
......##.........
## #..#..
#........# ..#
##..#.
##.####..##..#
##.# #.## .......
. ##..###.......
. #............
......###♣)..#..
.....###.)).##
##......>.o.#
##..###...!# #.
##....# #.
#...... #.###..#
... ..# ..[ ...


You could see an orc warrior.

Vanquished Creatures
  2 wyverns
  A wraith (D:7)
  A sky beast (D:7)
  3 ice beasts (D:5)
  2 black bears
  A kobold brigand (D:6)
  2 necrophages
  A bullfrog (D:6)
  A scorpion (D:4)
  9 wights
  A howler monkey (D:6)
  A jelly (D:5)
  2 orc priests
  5 hounds
  2 iguanas
  5 orc wizards
  A gnoll (D:1)
  7 adders
  3 shadow imps
  2 white imps
  2 ufetubi
  A dart slug (D:1)
  20 orcs
  3 endoplasms (D:4)
  3 giant cockroaches
  A goblin (D:4)
  5 hobgoblins
  6 jackals
  7 kobolds
  A quokka (D:4)
  4 ball pythons
  3 bats (D:1)
  2 frilled lizards (D:1)
  3 rats (D:1)
113 creatures vanquished.

Notes
Turn   | Place    | Note
-------+----------+-------------------------------------------
     0 | D:1      | dario85 the Troll Berserker began the quest for the Orb.
     0 | D:1      | Reached XP level 1. HP: 22/22 MP: 0/0
   188 | D:1      | Reached XP level 2. HP: 21/29 MP: 1/1
   273 | D:1      | Found Vodott's Jewellery Boutique.
   926 | D:1      | Gained mutation: Your muscles are strong. (Str +4, Int/Dex
                  | -1) [potion of mutation]
   926 | D:1      | Gained mutation: You are partially covered in iridescent
                  | scales. (AC +2) [potion of mutation]
   926 | D:1      | Gained mutation: Your body sometimes deteriorates upon
                  | taking damage. [potion of mutation]
   926 | D:1      | Gained mutation: Your system is resistant to poisons.
                  | (rPois) [potion of mutation]
  1067 | D:2      | You fall into a shaft and drop 2 floors!
  1076 | D:4      | Reached XP level 3. HP: 36/36 MP: 2/2
  1098 | D:4      | Reached skill level 4 in Unarmed Combat
  1154 | D:4      | Found a sparkling altar of Nemelex Xobeh.
  1161 | D:4      | Reached XP level 4. HP: 45/45 MP: 3/3
  1220 | D:4      | Noticed a necrophage
  1226 | D:4      | Killed a necrophage
  1227 | D:4      | Reached XP level 5. HP: 53/53 MP: 4/4
  1241 | D:4      | Reached skill level 5 in Unarmed Combat
  1393 | D:4      | Reached XP level 6. HP: 62/62 MP: 5/5
  1396 | D:4      | Reached skill level 6 in Unarmed Combat
  1471 | D:4      | Reached ** piety under Trog
  1714 | D:4      | Found Othreseant's Magic Scroll Shop.
  1728 | D:4      | Bought a scroll of identify for 20 gold pieces
  1755 | D:5      | Entered Level 5 of the Dungeon
  1812 | D:5      | Found a hide-covered altar of Uskayaw.
  1883 | D:5      | Reached XP level 7. HP: 70/70 MP: 6/6
  2044 | D:5      | Reached skill level 7 in Unarmed Combat
  2195 | D:5      | Reached skill level 5 in Fighting
  2195 | D:5      | Reached skill level 8 in Unarmed Combat
  2195 | D:5      | Reached XP level 8. HP: 69/80 MP: 7/7
  2480 | D:6      | Reached skill level 9 in Unarmed Combat
  2699 | D:6      | Found a staircase to the Ecumenical Temple.
  2958 | D:6      | Found a sacrificial altar of Ru.
  2996 | D:6      | Reached skill level 10 in Unarmed Combat
  3142 | D:7      | Reached XP level 9. HP: 87/89 MP: 8/8
  3279 | D:7      | HP: 4/138 [orc warrior/+0 glaive (12)]
  3280 | D:7      | Slain by an orc warrior

Illustrated notes

Levels and vault maps discovered:
D:1:      wheals_arrival_shading, layout_basic, serial_shops, shop,
          minmay_pentomino_t4
D:2:      layout_basic, hellmonk_ecumenical_altar_inner_sanctum
D:4:      layout_rooms, overflow_temple_1_default, serial_shops,
          nicolae_lakefront_shop, minivault_14
D:5:      layout_gridville, eat_drink_and_be_merry_uskayaw
D:6:      layout_gridville, mainiacjoe_overflow_alcove_4,
          minmay_temple_entry_statues_fountains
D:7:      layout_layer_cave, item_on_display_a

Skill      XL: |  1  2  3  4  5  6  7  8 |
---------------+-------------------------+-----
Fighting       | 3 4 5 6 |  6.4
Unarmed Combat | 4 5 6 8 10 | 10.5
Dodging        | |  2.6

Action                   |  1- 3 |  4- 6 |  7- 9 || total
-------------------------+-------+-------+-------++-------
Melee: Unarmed           |    57 |    96 |   152 ||   305
       Punch             |     2 |     2 |     7 ||    11
Invok: Berserk           |     2 |     4 |     6 ||    12
       Trog's Hand       |       |       |     1 ||     1
  Use: Scroll            |     5 |     2 |     2 ||     9
       Potion            |     3 |       |     1 ||     4
Armor: Animal skin       |    14 |    32 |    47 ||    93
       Skin              |     4 |       |    23 ||    27
Dodge: Dodged            |    29 |    37 |    61 ||   127

Table legend: (Time is in decaauts)
 A = Elapsed time spent in this place.
 B = Non-inter-level travel time spent in this place.
 C = Inter-level travel time spent in this place.
 D = Time resting spent in this place.
 E = Time spent auto-exploring this place.
 F = Levels seen in this place.
 G = Mean time per level.
                   A        B        C        D        E       F      G
               +--------+--------+--------+--------+--------+-----+--------+
         Total |   3343 |   3231 |    112 |    265 |   2034 |   6 |  557.2 |
       Dungeon |   3343 |   3231 |    112 |    265 |   2034 |   6 |  557.2 |
               +--------+--------+--------+--------+--------+-----+--------+

Top non-repeatable levels by time:
     D:1: 1058 daAuts
     D:6: 751 daAuts
     D:4: 708 daAuts
     D:5: 656 daAuts
     D:7: 163 daAuts
     D:2: 5 daAuts
